 Dungeon Crawl Stone Soup version 0.25.0-46-gbd7b0854d2 (webtiles) character file.

Game seed: 17686986587800922069

66852 funkygono the Peltast (level 14, -40/104 HPs)
             Began as a Minotaur Fighter on July 13, 2020.
             Was the Champion of Okawaru.
             Killed from afar by a balrug (47 damage)
             ... with a fireball
             ... on level 1 of the Abyss on July 14, 2020.
             The game lasted 00:52:38 (22695 turns).

funkygono the Peltast (Minotaur Fighter)           Turns: 22695, Time: 00:52:39

Health: -40/104    AC: 22    Str: 39    XL:     14   Next: 80%
Magic:  0/5        EV: 10    Int:  5    God:    Okawaru [******]
Gold:   1354       SH: 17    Dex:  6    Spells: 13/13 levels left

rFire    x . .     SeeInvis .   N - +11 flail "Zohiet" {antimagic, rElec Str+3}
rCold    . . .     Gourm    .   c - +2 kite shield
rNeg     . . .     Faith    .   C - +1 plate armour "Saataih" {rF- Str+4}
rPois    +         Spirit   +   P - +2 hat {MR+}
rElec    +         Reflect  .   M - scarf {harm}
rCorr    .         Harm     +   A - +1 pair of gloves
MR       ++...                  (no boots)
Stlth    ..........             o - amulet of guardian spirit
HPRegen  0.27/turn              T - +6 ring of strength
MPRegen  0.09/turn              w - ring of poison resistance

@: no status effects
A: retaliatory headbutt, horns 2, [clumsy 2], [frail 2]
a: Heroism, Finesse, Renounce Religion


You were on level 1 of the Abyss.
You worshipped Okawaru.
Okawaru was exalted by your worship.
You were hungry.

You visited 3 branches of the dungeon, and saw 18 of its levels.
You visited the Abyss 1 time.
You also visited: Ossuary.

You collected 1354 gold pieces.

Inventory:

Hand Weapons
 a - a +3 flail
 j - a +3 longbow of flaming
 H - a +4 hunting sling of flaming
 N - the +11 flail "Zohiet" (weapon) {antimagic, rElec Str+3}
   (You found it on level 10 of the Dungeon)

   It reduces the magical energy of the wielder, and disrupts the spells and
   magical abilities of those hit.
   Natural abilities and divine invocations are not affected.
   It affects your strength (+3).
   It insulates you from electricity.
 R - the +6 flail of the Howling Genius {vorpal, +Fly Dex+4}
   (You found it on level 5 of the Lair of Beasts)

   It inflicts extra damage upon your enemies.
   It affects your dexterity (+4).
   It lets you fly.
Missiles
 g - 70 bolts
 h - 654 stones (quivered)
 l - 115 sling bullets
Armour
 b - a +1 cloak
 c - a +2 kite shield (worn)
 A - a +1 pair of gloves (worn)
 C - the +1 plate armour "Saataih" (worn) {rF- Str+4}
   (Okawaru gifted it to you on level 2 of the Lair of Beasts)

   It affects your strength (+4).
   It makes you vulnerable to fire.
 M - a scarf of harm (worn)
 P - a +2 hat of magic resistance (worn)
Jewellery
 e - an uncursed amulet of regeneration {unknown}
 k - an uncursed ring of protection from cold
 o - an amulet of guardian spirit (around neck)
 w - a ring of poison resistance (right hand)
 T - a +6 ring of strength (left hand)
Wands
 n - a wand of paralysis (9)
 p - a wand of acid (3)
 s - a wand of enslavement (9)
 u - a wand of random effects (17)
 y - a wand of clouds (9)
 L - a wand of iceblast (10)
 O - a wand of flame (25)
Scrolls
 m - 11 scrolls of teleportation
 q - 3 scrolls of magic mapping
 v - a scroll of fog
 z - 11 scrolls of remove curse
 B - a scroll of blinking
 K - 5 scrolls of immolation
Potions
 d - a potion of might
 i - 4 potions of mutation
 r - 8 potions of curing
 t - 5 potions of stabbing
 E - 5 potions of lignification
 F - 5 potions of ambrosia
 G - 4 potions of flight
 I - a potion of invisibility
 J - 5 potions of haste
Miscellaneous
 x - a phial of floods
 Y - a box of beasts
Comestibles
 f - 36 rations


   Skills:
 + Level 13.9 Fighting
 + Level 15.8 Maces & Flails
 + Level 14.2 Armour
 + Level 3.5 Dodging
 + Level 16.0 Shields
 + Level 5.1 Invocations
 + Level 2.7 Evocations


You had 13 spell levels left.
You didn't know any spells.
Your spell library contained the following spells:

 Spells                   Type           Power        Failure   Level  Hunger
 Corona                   Hex            #......      91%         1    ##.....
 Magic Dart               Conj           #...         91%         1    ##.....
 Summon Butterflies       Summ           #.......     91%         1    ##.....
 Searing Ray              Conj           #.....       97%         2    ###....
 Slow                     Hex            #.......     97%         2    ###....
 Call Canine Familiar     Summ           #.......     99%         3    ####...
 Dazzling Flash           Conj/Hex       #.....       99%         3    ####...
 Inner Flame              Hex/Fire       #.......     99%         3    ####...
 Portal Projectile        Hex/Tloc       #.....       99%         3    ####...
 Cause Fear               Hex            #.........   100%        4    #####..
 Fulminant Prism          Conj/Hex       #.........   100%        4    #####..
 Iskenderun's Mystic Bla  Conj/Tloc      #.......     100%        4    #####..
 Leda's Liquefaction      Hex/Erth       #.........   100%        4    #####..
 Summon Ice Beast         Ice/Summ       #.......     100%        4    #####..
 Summon Mana Viper        Hex/Summ       #.......     100%        5    ######.
 Summon Hydra             Summ           #.........   100%        7    #######


Dungeon Overview and Level Annotations

Branches:
Dungeon (11/15)            Temple (1/1) D:5            Lair (6/6) D:11
  Swamp (0/4) Lair:2        Snake (0/4) Lair:2        Slime (0/5) Lair:5
    Orc (0/2) D:10        Ossuary (visited)

Altars:
Ashenzari
Cheibriados
Dithmenos
Elyvilon
Fedhas
Gozag
Hepliaklqana
Kikubaaqudgha
Makhleb
Nemelex Xobeh
Okawaru
Qazlal
Ru
Sif Muna
Trog
Uskayaw
Vehumet
Wu Jian
Xom
Yredelemnul
Zin
The Shining One

Shops:
D:6 %

Portals:
Hell: Lair:6
Abyss: D:8

Annotations:
D:8 1 transporter, LifeIsToil's ghost, novice DsGl


Innate Abilities, Weirdness & Mutations

You reflexively headbutt those who attack you in melee.
You have a pair of horns on your head.
[You are very clumsy. (Dex -4)]
[You are very frail. (-20% HP)]


Message History

You see here a +0 trident.
You bludgeon the sun demon!! You headbutt the sun demon!
The sun demon is severely wounded.
You block the sun demon's attack. You block the red devil's attack.
You sock the sun demon!
The sun demon is almost dead.
The sun demon hits you but does no damage.
You hit the sun demon.
You kill the sun demon!
Okawaru accepts your kill.
The red devil hits you but does no damage.
You barely miss the balrug. You block the balrug's attack.
The red devil hits you from afar with a +0 trident.
* * * LOW HITPOINT WARNING * * *
You bludgeon the balrug!!
The balrug's magic leaks into the air.
Your headbutt misses the balrug.
The balrug is heavily wounded.
The balrug gestures at you.
The fireball explodes!
The fireball engulfs you!!! The fire burns you terribly!
You die...

#. # # . .. .
### . .... # ..
# # ### .. ##.
.# #######≈###
# . ##) #
....#X#
#..#####.. #...
.
####.........##
. #.@2X(....#
..4...
#.##4.......5 #
# #.#########.
.# #...# # ..##
#.#.# ... #.###
...# # .#


You could see a balrug, a large abomination and a red devil.

Vanquished Creatures
  A very ugly thing (Abyss:1)
  Nessos (Lair:5)
  A dire elephant (Lair:6)
  The ghost of Matius the Cleaver, a journeyman GnCK of Xom (Lair:4)
  A lorocyproca (Abyss:1)
  Harold (D:7)
  4 hydras
  A two-headed ogre (D:11)
  Erica (D:11)
  6 death yaks
  A hell hog (D:8)
  Urug (D:11)
  2 sun demons
  Nergalle (D:11)
  A storm dragon zombie (Abyss:1)
  2 wretched stars (Abyss:1)
  A wizard (Lair:6)
  A shadow dragon zombie (Abyss:1)
  A necromancer (Lair:6)
  An ugly thing (D:8)
  A cyclops (D:11)
  A worldbinder (Abyss:1)
  15 elephants
  2 black mambas
  Joseph (D:7)
  A torpor snail (Lair:5)
  A smoke demon (Abyss:1)
  12 spiny frogs
  7 rime drakes
  2 orange demons (Lair:6)
  9 komodo dragons
  An efreet (Abyss:1)
  An ice devil (Lair:6)
  A hellwing (Lair:6)
  3 red devils
  A polar bear (Lair:6)
  3 trolls (D:10)
  A queen bee (Lair:5)
  4 large abominations (Abyss:1)
  3 raiju (Abyss:1)
  3 meliai (Lair:5)
  2 slime creatures (Lair:5)
  8 dream sheep
  12 hippogriffs
  15 blink frogs
  A spriggan (D:7)
  2 wyverns
  A ynoxinul (Abyss:1)
  2 basilisks
  43 yaks
  4 hungry ghosts
  A steam dragon (D:10)
  16 water moccasins
  4 hell hounds (Lair:6)
  5 orc warriors
  8 porcupines
  2 sky beasts
  4 black bears
  2 ice beasts
  7 starcursed masses (Abyss:1)
  8 wolves
  6 ogres
  A phantom (D:4)
  7 centaurs
  11 crocodiles
  3 small abominations
  8 big kobolds
  13 bullfrogs
  A gnoll sergeant (D:10)
  A wyvern skeleton (D:11)
  A troll zombie (D:11)
  4 scorpions
  31 killer bees
  3 wights (D:11)
  2 howler monkeys (D:7)
  2 electric eels
  8 crimson imps
  4 centaur zombies
  A bullfrog zombie (D:6)
  A hound (D:11)
  2 bullfrog skeletons
  A gnoll shaman (D:7)
  2 centaur skeletons
  3 jellies
  8 orc priests
  2 iguanas
  2 iron imps (Abyss:1)
  7 human zombies
  A hell rat (Lair:5)
  11 orc wizards
  6 worker ants
  3 yak simulacra (Lair:6)
  4 polar bear simulacra (Lair:6)
  2 wolf simulacra (Lair:6)
  4 mummies
  3 worker ant zombies
  13 gnolls
  17 adders
  3 shadow imps
  2 white imps (Abyss:1)
  An ufetubus (Abyss:1)
  An ooze (D:4)
  2 adder zombies
  An adder skeleton (D:3)
  3 dart slugs
  2 worms
  4 leopard geckos
  23 orcs
  11 bats
  4 giant cockroaches
  6 goblins
  5 hobgoblins
  5 jackals
  8 quokkas
  3 ball pythons
  A frilled lizard (D:4)
  A goblin zombie (Ossuary)
  2 hobgoblin zombies (Ossuary)
  A jackal skeleton (D:5)
  10 kobolds
  A kobold zombie (Ossuary)
  2 leopard gecko skeletons (D:6)
  An orc skeleton (D:11)
  2 orc zombies (Ossuary)
  A quokka zombie (D:6)
  11 rats
  2 river rat simulacra (Lair:6)
  7 fungi
  10 plants (D:11)
585 creatures vanquished.

Vanquished Creatures (collateral kills)
  A yak (Lair:3)
1 creature vanquished.

Vanquished Creatures (others)
  A yak (Lair:3)
  A shadow imp (D:10)
  27 fungi
  15 plants
44 creatures vanquished.

Grand Total: 630 creatures vanquished

Notes
Turn   | Place    | Note
-------+----------+-------------------------------------------
     0 | D:1      | funkygono the Minotaur Fighter began the quest for the Orb.
     0 | D:1      | Reached XP level 1. HP: 19/19 MP: 0/0
   221 | D:1      | Reached XP level 2. HP: 27/27 MP: 1/1
   305 | D:1      | Reached skill level 4 in Shields
  1090 | D:2      | Reached XP level 3. HP: 33/33 MP: 2/2
  1688 | D:2      | Reached XP level 4. HP: 40/40 MP: 3/3
  2282 | D:3      | Reached XP level 5. HP: 46/46 MP: 4/4
  2410 | D:3      | Reached skill level 1 in Dodging
  2430 | D:3      | Reached skill level 5 in Armour
  2823 | D:4      | Reached skill level 5 in Maces & Flails
  2947 | D:4      | Noticed a phantom
  2977 | D:4      | Killed a phantom
  2977 | D:4      | Reached skill level 5 in Shields
  2977 | D:4      | Reached XP level 6. HP: 27/53 MP: 5/5
  3107 | D:4      | Found a burning altar of Makhleb.
  4141 | D:5      | Entered Level 5 of the Dungeon
  4150 | D:5      | Reached XP level 7. HP: 58/60 MP: 6/6
  4227 | D:5      | Found a burning altar of Makhleb.
  4386 | D:5      | Found a staircase to the Ecumenical Temple.
  4422 | Temple   | Entered the Ecumenical Temple
  4489 | Temple   | Became a worshipper of Warmaster Okawaru
  5003 | D:5      | Reached skill level 5 in Fighting
  5875 | D:6      | Reached skill level 6 in Shields
  5875 | D:6      | Reached XP level 8. HP: 63/68 MP: 7/7
  6145 | D:6      | Found Esilloz's Food Emporium.
  6388 | D:6      | Reached * piety under Okawaru
  6481 | D:6      | Found a hazy altar of Hepliaklqana.
  6889 | D:7      | Noticed a hippogriff
  6901 | D:7      | Killed a hippogriff
  6901 | D:7      | Reached skill level 7 in Shields
  7205 | D:7      | Found a sand-covered staircase.
  7214 | Ossuary  | Entered an ossuary
  7687 | D:7      | Noticed a hippogriff
  7697 | D:7      | Killed a hippogriff
  7697 | D:7      | Reached XP level 9. HP: 61/75 MP: 5/8
  8005 | D:7      | Reached skill level 10 in Maces & Flails
  8130 | D:7      | Noticed Harold
  8146 | D:7      | Killed Harold
  8146 | D:7      | Reached ** piety under Okawaru
  8146 | D:7      | Reached skill level 8 in Shields
  8403 | D:7      | Noticed Joseph
  8412 | D:7      | Killed Joseph
  8626 | D:8      | Reached skill level 1 in Evocations
  8655 | D:8      | Reached XP level 10. HP: 71/86 MP: 10/10
  9180 | D:8      | Found the ring of Phasing {EV+8}
  9184 | D:8      | Found a one-way gate to the infinite horrors of the Abyss.
  9184 | D:8      | Noticed LifeIsToil's ghost (novice DsGl)
  9206 | D:8      | Noticed a hell hog
  9222 | D:8      | Found a transporter.
  9235 | D:8      | Found a transporter.
  9235 | D:8      | Noticed a purple ugly thing
  9305 | D:8      | Reached *** piety under Okawaru
  9501 | D:8      | Found an ornate altar of the Wu Jian Council.
  9501 | D:8      | Found a blossoming altar of Fedhas.
  9508 | D:8      | Found a shattered altar of Ashenzari.
  9605 | D:9      | Reached skill level 9 in Shields
  9627 | D:9      | Reached skill level 1 in Invocations
 10528 | D:10     | Entered Level 10 of the Dungeon
 10610 | D:10     | Got a slimy flail
 10611 | D:10     | Identified the +11 flail "Zohiet" {antimagic, rElec Str+3}
                  | (You found it on level 10 of the Dungeon)
 10990 | D:10     | Got a shadowed robe
 11027 | D:10     | Found a stormy altar of Qazlal.
 11141 | D:10     | Found a staircase to the Orcish Mines.
 11161 | D:10     | Reached **** piety under Okawaru
 11171 | D:10     | Reached skill level 10 in Shields
 11571 | D:10     | Reached XP level 11. HP: 93/95 MP: 3/11
 11848 | D:11     | Noticed Nergalle
 11848 | D:11     | Noticed a five-headed hydra
 11868 | D:11     | Killed Nergalle
 11868 | D:11     | Reached skill level 10 in Armour
 11891 | D:11     | Killed a five-headed hydra
 12031 | D:11     | Reached ***** piety under Okawaru
 12040 | D:11     | Noticed Urug
 12067 | D:11     | Killed Urug
 12067 | D:11     | Reached skill level 11 in Shields
 12312 | D:11     | Found a staircase to the Lair.
 12334 | D:11     | Noticed Erica
 12340 | D:11     | Killed Erica
 12340 | D:11     | Received a gift from Okawaru
 12592 | D:11     | Noticed a two-headed ogre
 12599 | D:11     | Killed a two-headed ogre
 12670 | D:11     | Found a basalt altar of Yredelemnul.
 12810 | D:11     | Reached skill level 10 in Fighting
 13526 | D:11     | Identified the +1 robe of the Pink Corner {+Blink Regen+
                  | SInv Stlth-} (You found it on level 10 of the Dungeon)
 13555 | Lair:1   | Entered Level 1 of the Lair of Beasts
 13810 | Lair:1   | Reached XP level 12. HP: 100/106 MP: 4/12
 13838 | Lair:1   | Noticed a six-headed hydra
 13853 | Lair:1   | Killed a six-headed hydra
 14242 | Lair:1   | Found a basalt altar of Yredelemnul.
 14492 | Lair:2   | Found a staircase to the Swamp.
 14843 | Lair:2   | Reached skill level 12 in Shields
 14914 | Lair:2   | Found a staircase to the Snake Pit.
 15286 | Lair:2   | Received a gift from Okawaru
 15307 | Lair:2   | Got a polished plate armour {god gift}
 15319 | Lair:2   | Identified the +1 plate armour "Saataih" {rF- Str+4}
                  | (Okawaru gifted it to you on level 2 of the Lair of Beasts)
 16057 | Lair:3   | You fall into a shaft and drop 1 floor!
 16057 | Lair:4   | Found a runed translucent door.
 16074 | Lair:4   | Noticed Matius's ghost (journeyman GnCK)
 16096 | Lair:4   | Killed Matius's ghost
 16493 | Lair:4   | Reached skill level 13 in Shields
 16494 | Lair:4   | Reached XP level 13. HP: 110/116 MP: 4/13
 16614 | Lair:4   | Reached ****** piety under Okawaru
 17629 | Lair:3   | Got a ripped robe
 17630 | Lair:3   | Identified the +2 robe of the Louse {Harm rPois Int-4} (You
                  | found it on level 3 of the Lair of Beasts)
 17795 | Lair:5   | Received a gift from Okawaru
 17984 | Lair:5   | Got a twisted flail
 18163 | Lair:5   | Identified the +6 flail of the Howling Genius {vorpal, +Fly
                  | Dex+4} (You found it on level 5 of the Lair of Beasts)
 18201 | Lair:5   | Noticed Nessos
 18211 | Lair:5   | Killed Nessos
 18478 | Lair:5   | Reached skill level 15 in Maces & Flails
 18618 | Lair:5   | Reached skill level 14 in Shields
 18831 | Lair:5   | Found a staircase to the Slime Pits.
 19239 | Lair:6   | Entered Level 6 of the Lair of Beasts
 19279 | Lair:6   | Received a gift from Okawaru
 19534 | Lair:6   | Reached XP level 14. HP: 127/127 MP: 5/15
 20080 | Lair:6   | Reached skill level 15 in Shields
 20963 | Lair:6   | Found a burning altar of Makhleb.
 20987 | Lair:6   | Reached skill level 5 in Invocations
 20998 | Lair:6   | Received a gift from Okawaru
 21166 | Lair:6   | Found a gateway to Hell.
 21782 | D:8      | Cast into level 1 of the Abyss (gnoll sergeant)
 22001 | Abyss:1  | HP: 4/129 [something (19)]
 22002 | Abyss:1  | HP: 1/129 [something (21)]
 22008 | Abyss:1  | HP: 2/129 [something (18)]
 22196 | Abyss:1  | Noticed a starcursed mass
 22293 | Abyss:1  | Noticed a cyan very ugly thing
 22298 | Abyss:1  | Killed a cyan very ugly thing
 22516 | Abyss:1  | Found a corrupted altar of Lugonu.
 22526 | Abyss:1  | Found a corrupted altar of Lugonu.
 22568 | Abyss:1  | Found a viscous altar of Jiyva.
 22575 | Abyss:1  | Found a viscous altar of Jiyva.
 22675 | Abyss:1  | Noticed a balrug
 22688 | Abyss:1  | Reached skill level 16 in Shields
 22695 | Abyss:1  | Killed from afar by a balrug

Illustrated notes

Levels and vault maps discovered:
D:1:      dpeg_arrival_circle_labyrinth_c, layout_basic,
          corexii_leaking_fountain, kennysheep_small_spiral, minmay_heptomino_h4
D:2:      layout_loops_corners
D:3:      layout_basic, first_ration, amethyst_killhole
D:4:      layout_rooms, bloody_makhleb
D:5:      layout_basic, minmay_temple_entry_large_hall, basic_altar
D:6:      layout_cave_pools, lemuel_round_altar, serial_shops,
          nicolae_shop_competitors_out_of_business, minmay_puff
D:7:      layout_basic, chequers_ossuary_entry_cave, the_bakery,
          minmay_misc_feat_x, uniq_joseph, uniq_harold
D:8:      layout_loops_ring, minitemple, gammafunk_ghost_abyssal_escape
D:9:      layout_basic
D:10:     layout_long_grid, kennysheep_orc_monster_closet_entryway,
          grunt_qazlal_sundering
D:11:     layout_loops_ring, grunt_lair_entry_orc_guard_hut,
          lemuel_mausoleum_altar_yredelemnul, uniq_nergalle, uniq_erica,
          uniq_urug
Temple:   hc_temple_tempest_star
Lair:1:   layout_hall_layers, basic_altar, serial_bayou_pond_a, st_stairs_5
Lair:2:   layout_cave_pods, swamp_mist, dummy_snake_entry,
          chequers_serial_rivers_small_b, nicolae_lair_grove_arrangements,
          gammafunk_lair_bear_cave
Lair:3:   layout_chaotic_city
Lair:4:   layout_gridlike, ebering_ghost_reflecting_pool,
          chequers_serial_rivers_large_b, hangedman_lair_unloving_vines,
          infiniplex_staircase_pool_2
Lair:5:   regret_index_tunnel_blossom, layout_long_grid,
          minmay_slime_entry_pillars, hangedman_lair_generics_rect, uniq_nessos
Lair:6:   evil_forest, layout_long_grid, eino_house_with_fridge
Abyss:1:  base:
D:7

Skill      XL: |  1  2  3  4  5  6  7  8  9 10 11 12 13 14 |
---------------+-------------------------------------------+-----
Armour         | 4 5 6 7 8 9 10 12 13 14 | 14.2
Shields        | 4 5 6 7 8 10 11 13 14 16 | 16.0
Maces & Flails | 3 4 5 6 7 9 10 11 13 14 15 | 15.8
Fighting       | 4 5 6 7 8 10 11 12 13 | 13.9
Dodging        | 1 2 3 |  3.5
Evocations     | 1 2 |  2.7
Invocations    | 1 3 5 |  5.1

Action                   |  1- 3 |  4- 6 |  7- 9 | 10-12 | 13-15 || total
-------------------------+-------+-------+-------+-------+-------++-------
Melee: Flail             |    89 |   166 |   314 |   737 |   542 ||  1848
       Headbutt          |    16 |    23 |    64 |   167 |   147 ||   417
Invok: Heroism           |       |       |     4 |    12 |    13 ||    29
Evoke: Wand              |       |       |    11 |     9 |     1 ||    21
       Phial of floods   |       |       |       |     1 |       ||     1
  Use: Scroll            |     2 |     9 |     7 |    11 |     8 ||    37
       Potion            |       |       |       |     1 |     4 ||     5
  Eat: Chunk             |     2 |     6 |     9 |    23 |    16 ||    56
       Ration            |       |     1 |     1 |     2 |     1 ||     5
Armor: Scale mail        |    39 |    36 |    20 |       |       ||    95
       Plate armour      |       |       |   115 |   217 |   156 ||   488
       Chain mail        |       |       |       |     4 |       ||     4
Dodge: Dodged            |    20 |    32 |    50 |   130 |   114 ||   346
Block: Kite shield       |    45 |    99 |   172 |   410 |   371 ||  1097
